 Dungeon Crawl Stone Soup version 0.28-a0-691-gad6df49e81 (webtiles) character file.

Game seed: 5199937963985554690

3412 jasper the Carver (level 9, -4/64 HPs)
             Began as a Demonspawn Artificer on Oct 21, 2021.
             Was a Follower of Cheibriados.
             Slain by a centaur warrior (8 damage)
             ... on level 9 of the Dungeon.
             The game lasted 00:14:48 (10353 turns).

jasper the Carver (Demonspawn Artificer)           Turns: 10353, Time: 00:14:49

Health: -4/64      AC:  9    Str: 16    XL:     9   Next: 76%
Magic:  9/9        EV: 14    Int: 28    God:    Cheibriados [*.....]
Gold:   92         SH:  0    Dex: 17    Spells: 8/8 levels left

rFire   . . .      SeeInvis .   m - +11 double sword "Eherr" {venom, rF- Int+10}
rCold   . . .      Faith    .   (no shield)
rNeg    . . .      Spirit   .   C - +0 acid dragon scales
rPois   .          Reflect  .   (no helmet)
rElec   .          Harm     .   (no cloak)
rCorr   +          Rampage  .   (no gloves)
Will    .....                   (no boots)
Stlth   +.........              (no amulet)
HPRegen 0.20/turn               F - ring of protection from fire
MPRegen 0.11/turn               (no ring)

@: very slow
A: rugged brown scales 2, demonic magic 1, demonic touch 2
a: Renounce Religion, Bend Time


You were on level 9 of the Dungeon.
You worshipped Cheibriados.
Cheibriados was aware of your devotion.
You visited 1 branch of the dungeon, and saw 9 of its levels.

You collected 342 gold pieces.
You spent 250 gold pieces at shops.

Inventory:

Hand Weapons
 a - a +0 club
 i - a +0 whip
 l - a +3 dagger of draining
 m - the +11 double sword "Eherr" (weapon) {venom, rF- Int+10}
   (You acquired it on level 1 of the Dungeon)

   It poisons the flesh of those it strikes.
   Int:       It affects your intelligence (+10).
   rF:        It makes you vulnerable to fire.
 u - a +0 short sword of draining
Missiles
 h - 56 sling bullets
 k - 209 stones (quivered)
 o - 8 poisoned darts
Armour
 b - a +1 leather armour
 s - a +0 scale mail
 y - a +0 chain mail
 C - +0 acid dragon scales (worn)
 E - a +0 ring mail
Jewellery
 B - a ring of ice
 F - a ring of protection from fire (left hand)
 G - a ring of ice
Wands
 c - a wand of flame (23)
 d - a wand of charming (20)
 p - a wand of paralysis (7)
 t - a wand of digging (10)
 K - a wand of iceblast (17)
 L - a wand of mindburst (14)
Scrolls
 n - 2 scrolls of immolation
 q - 3 scrolls of amnesia
 r - a scroll of magic mapping {unknown}
 w - 3 scrolls of teleportation
 D - 2 scrolls of enchant armour
 H - a scroll of holy word {unknown}
Potions
 f - a potion of cancellation
 g - 2 potions of attraction
 j - a potion of brilliance
 x - 2 potions of might
 z - a potion of flight
 A - 2 potions of haste {unknown}
 J - a potion of mutation {unknown}
Miscellaneous
 e - a piece from Xom's chessboard (15/15)


   Skills:
 - Level 1.8 Fighting
 - Level 10.3 Long Blades
 + Level 5.4 Armour
 + Level 5.1 Dodging
 - Level 0.8 Stealth
 - Level 3.0 Evocations


You had 8 spell levels left.
You didn't know any spells.
Your spell library was empty.

Dungeon Overview and Level Annotations

Branches:
Dungeon (9/15)               Lair (0/6) D:8
 Temple: D:4-7          Orc: D:9-12

Altars:
Cheibriados
Gozag
Nemelex Xobeh
Qazlal
Vehumet
Xom

Shops:
D:2 =   D:5 (   D:6 =

Annotations:
D:7 Menkaure
D:9 Erolcha


Innate Abilities, Weirdness & Mutations

You are mostly covered in rugged brown scales. (AC +2, +5% HP)
Spells you cast may paralyse adjacent enemies.
Your touch may inflict irresistible damage on your foes.


Message History

You now have 92 gold pieces (gained 13).
Found 11 bolts.
Found a stone staircase leading down.
x - 2 potions of might (gained 1)
Found a radiant altar of Vehumet.
A - 2 ruby potions (gained 1)
K - a wand of iceblast (17) (gained 12 charges)
A centaur warrior comes into view.
The centaur warrior shouts!
You hear a howl!
The centaur warrior wields a +0 shortbow.
The centaur warrior shoots an arrow.
The arrow hits you!
The centaur warrior shoots an arrow.
The arrow hits you!
You take 24 damage, and have 40/64 hp.
MASSIVE DAMAGE!!
Okay, then.
Blink to where?
Press: ? - help, Dir - move target
As you read the scroll of blinking, it crumbles to dust.
Okay, then.
You start resting.
The centaur warrior shoots an arrow.
The arrow hits you!
You take 17 damage, and have 24/64 hp.
MASSIVE DAMAGE!!
The centaur warrior shoots an arrow.
The arrow hits you.
The centaur warrior shoots an arrow.
The arrow hits you!!
* * * LOW HITPOINT WARNING * * *
You take 22 damage, and have 2/64 hp.
MASSIVE DAMAGE!!
You feel much better.
The centaur warrior shoots an arrow.
The arrow hits you!
* * * LOW HITPOINT WARNING * * *
You regained 6 hp, and now have 8/64 hp.
The centaur warrior unwields a +0 shortbow.
The centaur warrior misses you. The centaur warrior kicks you.
* * * LOW HITPOINT WARNING * * *
The centaur warrior closely misses you. The centaur warrior kicks you.
* * * LOW HITPOINT WARNING * * *
You take 4 damage, and have 4/64 hp.
You slice the centaur warrior!!
The centaur warrior looks as sick as possible!
You touch the centaur warrior.
The centaur warrior is severely wounded.
The centaur warrior hits you!
You die...

########### ####
#.........# #..#
#.........# #..#
#....(....# #..#
#.........# #..#
#.........# #..#
c.########@........####..##
.........c................<
..........................)
.......####..#####..#####..
....(.. #..# #..# #..
....... #..# #..# #..
....... #..# #..# #..
.........##..#####..# #..
.....#............... ...


You could see a centaur warrior (extremely poisoned).

Vanquished Creatures
  A centaur warrior (D:8)
  Prince Ribbit (D:8)
  A shadow (D:8)
  A vampire (D:6)
  Eustachio (D:5)
  Edmund (D:5)
  An acid dragon (D:8)
  A water moccasin (D:8)
  An ogre (D:5)
  A black bear (D:8)
  A necrophage (D:6)
  3 centaurs
  2 phantoms (D:5)
  Blork the orc (D:5)
  A bullfrog (D:6)
  A scorpion (D:5)
  A water moccasin zombie (D:6)
  A water moccasin skeleton (D:6)
  6 killer bees
  2 centaur zombies
  4 hounds
  3 orc priests
  A jelly (D:5)
  A centaur skeleton (D:6)
  An iguana (D:6)
  2 orc wizards
  A killer bee zombie (D:5)
  A hound zombie (D:3)
  A hound skeleton (D:3)
  A mummy (D:6)
  A gnoll (D:6)
  A howler monkey skeleton (D:5)
  6 adders
  5 ufetubi
  2 worms
  A dart slug (D:1)
  20 orcs
  11 bats
  6 endoplasms
  2 giant cockroaches
  3 goblins
  7 hobgoblins
  3 jackals
  15 kobolds
  6 quokkas
  9 ball pythons
  6 frilled lizards
  7 rats
156 creatures vanquished.

Notes
Turn   | Place    | Note
-------+----------+-------------------------------------------
     0 | D:1      | jasper the Demonspawn Artificer began the quest for the
                  | Orb.
     0 | D:1      | Reached XP level 1. HP: 15/15 MP: 1/1
   103 | D:1      | Reached skill level 1 in Dodging
  1010 | D:1      | Gained mutation: You are partially covered in rugged brown
                  | scales. (AC +1, +3% HP) [demonic ancestry]
  1010 | D:1      | Reached XP level 2. HP: 15/21 MP: 2/2
  1296 | D:1      | Found a faded altar of an unknown god.
  1704 | D:1      | Identified a scroll of acquirement
  1704 | D:1      | Acquired the +11 double sword "Eherr" {venom, rF- Int+10}
  1760 | D:2      | Gained mutation: Your touch may inflict minor irresistible
                  | damage on your foes. [demonic ancestry]
  1760 | D:2      | Reached XP level 3. HP: 22/27 MP: 3/3
  1770 | D:2      | Reached skill level 1 in Long Blades
  1964 | D:2      | You fall into a shaft and drop 2 floors!
  2052 | D:4      | Reached skill level 2 in Long Blades
  2052 | D:4      | Gained mutation: Spells you cast may paralyse adjacent
                  | enemies. [demonic ancestry]
  2052 | D:4      | Reached XP level 4. HP: 28/33 MP: 4/4
  2792 | D:2      | Found Pozxah's Jewellery Emporium.
  2973 | D:3      | Reached skill level 3 in Long Blades
  3001 | D:3      | Reached XP level 5. HP: 39/39 MP: 5/5
  3445 | D:3      | Found a stormy altar of Qazlal.
  3456 | D:3      | Noticed an air elemental
  3456 | D:3      | Noticed a water elemental
  3456 | D:3      | Noticed a fire elemental
  4089 | D:4      | Reached skill level 4 in Long Blades
  4191 | D:5      | Entered Level 5 of the Dungeon
  4217 | D:5      | Found an opulent altar of Gozag.
  4217 | D:5      | Noticed Eustachio
  4243 | D:5      | Killed Eustachio
  4244 | D:5      | Reached skill level 5 in Long Blades
  4244 | D:5      | Reached XP level 6. HP: 28/45 MP: 6/6
  4358 | D:5      | Found an opulent altar of Gozag.
  4363 | D:5      | Found an opulent altar of Gozag.
  4437 | D:5      | Found Ucrogyne's Weapon Shoppe.
  4450 | D:5      | Reached skill level 6 in Long Blades
  4682 | D:5      | Reached XP level 7. HP: 50/50 MP: 7/7
  4881 | D:5      | Found an opulent altar of Gozag.
  4897 | D:5      | Noticed Edmund
  4911 | D:5      | Killed Edmund
  5052 | D:5      | Reached skill level 7 in Long Blades
  5283 | D:5      | Noticed Blork the orc
  5297 | D:5      | Killed Blork the orc
  6085 | D:6      | Gained mutation: You are mostly covered in rugged brown
                  | scales. (AC +2, +5% HP) [demonic ancestry]
  6085 | D:6      | Reached XP level 8. HP: 50/58 MP: 8/8
  6408 | D:6      | Found a snail-covered altar of Cheibriados.
  6415 | D:6      | Reached skill level 8 in Long Blades
  6504 | D:6      | Became a worshipper of Cheibriados the Contemplative
  6656 | D:6      | Found a shimmering altar of Xom.
  6753 | D:6      | Reached skill level 9 in Long Blades
  6927 | D:6      | Found Seatzuk's Jewellery Shoppe.
  7180 | D:2      | Bought a ring of protection from fire for 250 gold pieces
  8104 | D:7      | Noticed Menkaure
  8223 | D:8      | Reached skill level 10 in Long Blades
  8677 | D:8      | Gained mutation: Your touch may inflict irresistible damage
                  | on your foes. [demonic ancestry]
  8677 | D:8      | Reached XP level 9. HP: 64/64 MP: 9/9
  8762 | D:8      | Noticed Prince Ribbit
  8766 | D:8      | Killed Prince Ribbit
  8820 | D:8      | Reached * piety under Cheibriados
  8907 | D:8      | Found a sparkling altar of Nemelex Xobeh.
  8934 | D:8      | Found a staircase to the Lair.
  8993 | D:8      | Noticed a centaur warrior
  9002 | D:8      | HP: 3/64 [centaur warrior (4)]
  9002 | D:8      | HP: 1/64 [centaur warrior (2)]
  9007 | D:8      | Killed a centaur warrior
  9837 | D:8      | Reached skill level 5 in Armour
 10135 | D:9      | Noticed Erolcha
 10137 | D:9      | Reached skill level 5 in Dodging
 10326 | D:9      | Found a radiant altar of Vehumet.
 10343 | D:9      | Noticed a centaur warrior
 10350 | D:9      | HP: 2/64 [centaur warrior/arrow (19)]
 10353 | D:9      | Slain by a centaur warrior

Illustrated notes

Levels and vault maps discovered:
D:1:      nagdon_arrival_zigzag_paths, layout_basic,
          hellmonk_ecumenical_altar_blasted, moated_statue
D:2:      layout_basic, serial_shops, shop, minmay_misc_feat_cross,
          minmay_misc_feat_diagonals
D:3:      layout_rooms, nicolae_qazlal_style_of_elements, minmay_circle_x
D:4:      layout_loops_ring
D:5:      layout_loops_ring, nicolae_gozag_conspicuous_consumption,
          dk_vineyard_3, kennysheep_windowed_goal, uniq_eustachio, uniq_edmund,
          uniq_blork_the_orc
D:6:      layout_loops_ring, slow_altar_1, lemuel_coloured_pillars_altar,
          serial_shops, kennysheep_mini_moat
D:7:      layout_rooms, makhleb_grotto_becter, lemuel_temple_firewalk_b,
          serial_shops, nicolae_shop_trees, uniq_menkaure
D:8:      layout_gridville, nemelex_diamond_rough_becter, lightli_orcish_oven,
          uniq_prince_ribbit1
D:9:      layout_small_grid, vehumet_altar_wand_db, uniq_grum, uniq_erolcha

Skill      XL: |  1  2  3  4  5  6  7  8  9 |
---------------+----------------------------+-----
Dodging        | 1 2 5 |  5.1
Armour         | 2 5 |  5.4
Long Blades    | 2 3 5 6 7 10 | 10.3
Fighting       | |  1.8
Stealth        | |  0.8
Evocations     | |  3.0

Action                   |  1- 3 |  4- 6 |  7- 9 || total
-------------------------+-------+-------+-------++-------
Melee: Club              |    67 |       |       ||    67
       Dagger            |    36 |       |       ||    36
       Double sword      |    20 |    77 |   144 ||   241
       Touch             |     1 |     6 |    30 ||    37
Throw: Dart              |       |    34 |     6 ||    40
       Stone             |       |    50 |    40 ||    90
Evoke: Wand              |     7 |     2 |     6 ||    15
  Use: Scroll            |     5 |     4 |     4 ||    13
       Potion            |       |     1 |     8 ||     9
 Stab: Paralysed         |       |       |     3 ||     3
Armor: Leather armour    |    61 |    28 |    29 ||   118
       Ring mail         |       |       |    13 ||    13
       Acid dragon scale |       |       |    15 ||    15
Dodge: Dodged            |   107 |    26 |   111 ||   244

Table legend: (Time is in decaauts)
 A = Elapsed time spent in this place.
 B = Non-inter-level travel time spent in this place.
 C = Inter-level travel time spent in this place.
 D = Time resting spent in this place.
 E = Time spent auto-exploring this place.
 F = Levels seen in this place.
 G = Mean time per level.
                   A        B        C        D        E       F      G
               +--------+--------+--------+--------+--------+-----+--------+
         Total |  10943 |  10240 |    703 |   3301 |   5400 |   9 | 1215.9 |
       Dungeon |  10943 |  10240 |    703 |   3301 |   5400 |   9 | 1215.9 |
               +--------+--------+--------+--------+--------+-----+--------+

Top non-repeatable levels by time:
     D:8: 2231 daAuts
     D:5: 1902 daAuts
     D:6: 1879 daAuts
     D:1: 1773 daAuts
     D:2: 993 daAuts
     D:3: 887 daAuts
     D:4: 746 daAuts
     D:7: 347 daAuts
     D:9: 181 daAuts
